 Dungeon Crawl Stone Soup version 0.23.2-11-gf996548c65 (webtiles) character file.

Game seed: 14180824111057299084

1350 MalarOregon the Chiller (level 8, 0/57 HPs)
             Began as a Ghoul Ice Elementalist on June 4, 2019.
             Was a Believer of Nemelex Xobeh.
             Splashed by a jelly's acid (8 damage)
             ... on level 6 of the Dungeon.
             The game lasted 00:21:50 (8083 turns).

MalarOregon the Chiller (Ghoul Ice Elementalist)    Turns: 8083, Time: 00:21:51

Health: 0/57       AC: -9    Str: 12    XL:     8   Next: 63%
Magic:  14/14      EV: 12    Int: 12    God:    Nemelex Xobeh [**....]
Gold:   287        SH:  3    Dex:  9    Spells: 10/17 levels left

rFire    . . .     SeeInvis .   s - +1 hand axe (venom)
rCold    + + .     Gourm    .   (no shield)
rNeg     + + +     Faith    .   a - +0 robe
rPois    ∞         Spirit   .   (no helmet)
rElec    .         Reflect  +   r - +0 cloak
rCorr    .         Harm     .   (no gloves)
MR       .....                  (no boots)
Stlth    ++........             q - +3 amulet of reflection
HPRegen  0.00/turn              j - ring of ice
MPRegen  0.14/turn              i - ring of protection from fire

@: corroded, rotting
A: rotting body, claws 1, carnivore, cold resistance 1, negative energy
resistance 3, inhibited regeneration, torment resistance, unbreathing
a: Draw Escape, Draw Destruction, Draw Summoning, Renounce Religion


You were on level 6 of the Dungeon.
You worshipped Nemelex Xobeh.
Nemelex Xobeh was pleased with you.
You were not hungry.

You visited 1 branch of the dungeon, and saw 6 of its levels.

You collected 287 gold pieces.

Inventory:

Hand Weapons
 s - a +1 hand axe of venom (weapon)
   (You took it off an orc on level 6 of the Dungeon)
Armour
 a - a +0 robe (worn)
 b - a +1 helmet
   (You took it off Robin on level 2 of the Dungeon)
 r - a +0 cloak (worn)
   (You found it on level 1 of the Dungeon)
Jewellery
 i - a ring of protection from fire (right claw)
   (You took it off a goblin on level 2 of the Dungeon)
 j - a ring of ice (left claw)
   (You found it on level 1 of the Dungeon)
 q - a +3 amulet of reflection (around neck)
   (You found it on level 4 of the Dungeon)
 B - an uncursed ring of fire {unknown}
   (You found it on level 5 of the Dungeon)
Wands
 t - a wand of flame (12)
   (You took it off Ijyb on level 3 of the Dungeon)
 A - a wand of scattershot (3)
   (You found it on level 5 of the Dungeon)
Scrolls
 h - 2 scrolls of remove curse {@r2}
 m - a scroll of enchant weapon
 n - 2 scrolls of fog
 v - a scroll of teleportation {@r4}
Potions
 c - 5 potions of curing {unknown}
 d - 2 potions of heal wounds {@q2}
 f - 2 potions of brilliance {unknown}
 g - 4 potions of lignification {unknown}
 k - 3 potions of mutation {unknown}
 l - 3 potions of flight {unknown}
 o - 2 potions of agility
 u - a potion of haste {unknown}
 w - a potion of degeneration {unknown}
 z - a potion of might {unknown}
Comestibles
 e - 11 rations {!d}


   Skills:
 - Level 2.0 Dodging
 - Level 2.5 Stealth
 + Level 5.2 Spellcasting
 - Level 0.7 Conjurations
 + Level 7.2 Ice Magic
 + Level 6.1 Invocations


You had 10 spell levels left.
You knew the following spells:

 Your Spells              Type           Power        Failure   Level  Hunger
a - Freeze                Ice            ####         1%          1    None
c - Throw Icicle          Conj/Ice       ###.....     36%         4    ####...
x - Throw Frost           Conj/Ice       ###...       6%          2    ##.....

Your spell library contained the following spells:

 Spells                   Type           Power        Failure   Level  Hunger
 Ozocubu's Armour         Chrm/Ice       ###.....     13%         3    ###....
 Summon Ice Beast         Ice/Summ       ###.....     41%         4    ####...


Dungeon Overview and Level Annotations

Branches:
Dungeon (6/15)
 Temple: D:4-7

Altars:
Dithmenos
Kikubaaqudgha
Nemelex Xobeh
Qazlal
Trog
Wu Jian


Innate Abilities, Weirdness & Mutations

Your body is rotting away.
You thrive on raw meat.
You are immune to poison.
You have sharp fingernails.
You are carnivorous and can eat meat at any time.
Your flesh is cold resistant. (rC+)
You are immune to negative energy. (rN+++)
You do not regenerate when monsters are visible.
You are immune to unholy pain and torment.
You can survive without breathing.


Message History

A jelly comes into view.
You completely miss the jackal. The jackal closely misses you.
The jackal bites you.
The jackal barks!
You hit the jackal. You closely miss the jackal.
The jackal bites you but does no damage.
You block the jackal's attack. The jackal bites you.
You miss the jackal. You hit the jackal.
The jackal is poisoned.
The jackal bites you. x2; The jackal closely misses you.
You hit the jackal but do no damage. You hit the jackal.
The jackal is poisoned.
You kill the jackal!
The jackal closely misses you. You block the jackal's attack. x2
The jackal bites you but does no damage.
You hit the jackal.
You kill the jackal!
You closely miss the jackal. The jackal closely misses you.
You block the jackal's attack. The jelly closely misses you.
You hit the jackal.
You kill the jackal!
You hit the jelly. The acid corrodes you!
Your claws burn!
The jelly hits you. The acid corrodes you!
You are splashed with acid.
You hit the jelly but do no damage. The acid corrodes you!
Your claws burn!
You closely miss the jackal. The jackal barely misses you.
The jelly closely misses you. You block the jackal's attack.
Unknown command.
You hit the jelly but do no damage.
Your claws burn!
You barely miss the jackal. The jackal bites you. The jelly hits you.
You are splashed with acid!
* * * LOW HITPOINT WARNING * * *
You block the jackal's attack. The jelly hits you.
* * * LOW HITPOINT WARNING * * *
You are splashed with acid!
* * * LOW HITPOINT WARNING * * *
The jackal bites you.
* * * LOW HITPOINT WARNING * * *
Aim: a jackal You feel a surge of power!
You freeze the jackal!
You kill the jackal!
Eat a chunk of flesh? (ye/n/q)
You eat the chunk of flesh.
This raw flesh tastes great!
The jelly closely misses you. The jelly closely misses you.
The jelly jiggles.
You see here a +0 short sword.
The jelly hits you.
* * * LOW HITPOINT WARNING * * *
You are splashed with acid!
You die...
Your body glows slightly and disappears.

##......####..## ##..
###.........##...## ###
#.............)..[### ##.
#................#..###..
#...............###......
##............#####.....#
##..........## ##.......
##.....J..## ##........
##...@.######.........
#.....## #.......##..
##.#### #...######## ###
#####


You could see a jelly.

Vanquished Creatures
  A sky beast (D:6)
  2 phantoms (D:5)
  A centaur (D:6)
  A centaur zombie (D:5)
  2 crimson imps (D:6)
  2 hounds
  A jelly (D:5)
  3 orc priests
  Ijyb (D:3)
  An iguana (D:5)
  4 orc wizards
  4 worker ants
  A hound zombie (D:5)
  Robin (D:2)
  3 gnolls (D:4)
  10 adders
  An ooze (D:4)
  An adder skeleton (D:4)
  2 worms
  A dart slug (D:1)
  3 leopard geckos
  26 orcs
  6 bats
  4 giant cockroaches
  17 goblins
  13 hobgoblins
  4 jackals (D:6)
  A quokka (D:2)
  3 ball pythons
  A ball python skeleton (D:4)
  4 frilled lizards
  6 kobolds
  A leopard gecko skeleton (D:5)
  8 rats
140 creatures vanquished.

Vanquished Creatures (collateral kills)
  Grinder (D:6)
1 creature vanquished.

Vanquished Creatures (others)
  A phantom (D:5)
1 creature vanquished.

Grand Total: 142 creatures vanquished

Notes
Turn   | Place    | Note
-------+----------+-------------------------------------------
     0 | D:1      | MalarOregon the Ghoul Ice Elementalist began the quest for
                  | the Orb.
     0 | D:1      | Reached XP level 1. HP: 14/14 MP: 2/2
   190 | D:1      | Reached XP level 2. HP: 17/20 MP: 0/3
   329 | D:1      | Found a sparkling altar of Nemelex Xobeh.
   333 | D:1      | Became a worshipper of Nemelex Xobeh the Trickster
   517 | D:1      | Received a gift from Nemelex Xobeh
   845 | D:1      | Reached XP level 3. HP: 26/26 MP: 2/5
  1758 | D:1      | Reached skill level 1 in Invocations
  1932 | D:2      | Found a sparkling altar of Nemelex Xobeh.
  1932 | D:2      | Found an ornate altar of the Wu Jian Council.
  2044 | D:2      | Found an ancient bone altar of Kikubaaqudgha.
  2045 | D:2      | Found a stormy altar of Qazlal.
  2115 | D:2      | Noticed Robin
  2262 | D:2      | Found a bloodstained altar of Trog.
  2264 | D:2      | Found a shadowy altar of Dithmenos.
  2311 | D:2      | Reached XP level 4. HP: 30/33 MP: 3/6
  2407 | D:2      | Reached skill level 4 in Ice Magic
  2487 | D:2      | Killed Robin
  2597 | D:2      | Learned a level 2 spell: Throw Frost
  2602 | D:2      | Learned a level 4 spell: Throw Icicle
  2704 | D:2      | Reached * piety under Nemelex Xobeh
  3361 | D:3      | Noticed Ijyb
  3534 | D:3      | Killed Ijyb
  3534 | D:3      | Reached XP level 5. HP: 21/38 MP: 0/8
  4495 | D:3      | Reached XP level 6. HP: 45/45 MP: 3/9
  4589 | D:3      | Reached skill level 5 in Ice Magic
  4604 | D:3      | Paralysed by a hobgoblin for 6 turns
  4964 | D:4      | Received a gift from Nemelex Xobeh
  5525 | D:4      | Reached ** piety under Nemelex Xobeh
  5713 | D:4      | Received a gift from Nemelex Xobeh
  5771 | D:5      | Entered Level 5 of the Dungeon
  5795 | D:5      | Noticed a phantom
  5826 | D:4      | Reached XP level 7. HP: 30/49 MP: 5/11
  6430 | D:5      | Reached skill level 6 in Ice Magic
  6676 | D:5      | Reached skill level 5 in Invocations
  6792 | D:5      | Reached XP level 8. HP: 43/57 MP: 1/13
  7596 | D:6      | Noticed Grinder
  7607 | D:6      | Noticed a wyvern
  7618 | D:6      | Killed Grinder
  7702 | D:6      | Reached skill level 5 in Spellcasting
  7702 | D:6      | Reached skill level 7 in Ice Magic
  8083 | D:6      | Splashed by a jelly's acid

Skill      XL: |  1  2  3  4  5  6  7  8 |
---------------+-------------------------+-----
Dodging        | 2 |  2.0
Spellcasting   | 2 3 4 5 |  5.2
Invocations    | 1 2 3 5 6 |  6.1
Ice Magic      | 4 5 6 7 |  7.2
Stealth        | |  2.5
Conjurations   | |  0.7

Action                   |  1- 3 |  4- 6 |  7- 9 || total
-------------------------+-------+-------+-------++-------
Melee: Unarmed           |    42 |    84 |   117 ||   243
       Hand axe          |       |       |     8 ||     8
 Cast: Freeze            |    61 |   125 |    44 ||   230
       Throw Frost       |       |    12 |    28 ||    40
 Abil: Draw Destruction  |       |       |     8 ||     8
       Draw Summoning    |       |       |     4 ||     4
       Draw Escape       |       |       |     1 ||     1
Evoke: Wand              |       |       |    10 ||    10
  Use: Scroll            |       |     9 |     2 ||    11
 Stab: Sleeping          |     1 |       |     1 ||     2
       Paralysed         |       |       |    41 ||    41
       Distracted        |       |       |     1 ||     1
  Eat: Chunk             |     6 |    22 |     7 ||    35
Armor: Robe              |    13 |    39 |    30 ||    82
Dodge: Dodged            |    47 |   111 |    80 ||   238
Block: Other             |       |       |    33 ||    33
